 Dungeon Crawl Stone Soup version 0.28-a0-628-g3c9886e45e (webtiles) character file.

Game seed: 5232857350160137989

104 porpoise the Conjurer (level 4, -4/24 HPs)
             Began as a Deep Elf Conjurer on Oct 9, 2021.
             Shot with an arrow by a centaur (13 damage)
             ... on level 4 of the Dungeon.
             The game lasted 00:07:51 (3896 turns).

porpoise the Conjurer (Deep Elf Conjurer)           Turns: 3896, Time: 00:07:53

Health: -4/24      AC:  2    Str: 10    XL:     4   Next: 52%
Magic:  9/13       EV: 12    Int: 24    God:
Gold:   25         SH:  0    Dex: 13    Spells: 2/13 levels left

rFire   . . .      SeeInvis .   a - +0 short sword
rCold   . . .      Faith    .   (no shield)
rNeg    . . .      Spirit   .   b - +0 robe
rPois   .          Reflect  .   (no helmet)
rElec   .          Harm     .   (no cloak)
rCorr   .          Rampage  .   (no gloves)
Will    .....                   (no boots)
Stlth   ++........              (no amulet)
HPRegen 0.08/turn               j - ring of wizardry
MPRegen 0.13/turn               o - +6 ring of strength

@: no status effects
A: no striking features
a: no special abilities


You were on level 4 of the Dungeon.
You visited 1 branch of the dungeon, and saw 4 of its levels.

You collected 25 gold pieces.

Inventory:

Hand Weapons
 a - a +0 short sword (weapon)
Missiles
 i - 35 poisoned darts (quivered)
 l - 16 stones
 n - 3 boomerangs
Armour
 b - a +0 robe (worn)
Jewellery
 c - a ring of flight
 j - a ring of wizardry (left hand)
 o - a +6 ring of strength (right hand)
 r - a ring of resist corrosion
Wands
 k - a wand of polymorph (10)
Scrolls
 e - 2 scrolls of amnesia {unknown}
 f - 2 scrolls of magic mapping {unknown}
 p - a scroll of noise {unknown}
Potions
 d - a potion of curing
 g - a potion of flight
 h - a potion of heal wounds
 m - a potion of cancellation
 q - a potion of might


   Skills:
 - Level 2.4 Dodging
 - Level 2.4 Stealth
 + Level 5.0 Spellcasting
 - Level 5.3 Conjurations
 + Level 1.5 Hexes


You had 2 spell levels left.
You knew the following spells:

 Your Spells              Type           Power      Damage    Failure   Level
a - Magic Dart            Conj           100%       1d8       1%          1
b - Searing Ray           Conj           62%        2d6       1%          2
c - Fulminant Prism       Conj/Hex       11%        3d9       9%          4
d - Iskenderun's Mystic   Conj/Tloc      18%        2d6       12%         4

Your spell library contained the following spells:

 Spells                   Type           Power      Damage    Failure   Level
 Ensorcelled Hibernation  Hex/Ice        18%        N/A       4%          2
 Passwall                 Tmut/Erth      5%         N/A       5%          2
 Dazzling Flash           Conj/Hex       44%        N/A       2%          3
 Tukima's Dance           Hex            13%        N/A       6%          3
 Swiftness                Air            6%         N/A       11%         3
 Invisibility             Hex            6%         N/A       93%         6


Dungeon Overview and Level Annotations

Branches:
Dungeon (4/15)
 Temple: D:4-7

Altars:
Uskayaw

Shops:
D:3 *


Message History

The adder is almost dead. (Press . to maintain the ray.)
You kill the adder!
Your Spellcasting skill increases to level 5!
You start resting.
Magic restored.
Found a stone staircase leading down.
i - 34 poisoned darts (gained 1)
i - 35 poisoned darts (gained 1)
Found a stone staircase leading up.
You now have enough gold to buy a fizzy inky potion on D:3, buy a scroll labelled KIORUKHLIMOL on D:3, buy a scroll labelled XUIKLA EXTUC on D:3, or buy a scroll labelled YTIOR HAIVU on D:3.
You can access your shopping list by pressing '$'.
You now have 25 gold pieces (gained 11).
You open the door.
There is an open door here.
There is an open door here.
You open the door.
There is an open door here.
A centaur comes into view.
Found a robe.
Casting: Searing Ray (safe; 1% risk of failure)
Confirm with . or Enter, or press ? or * to list all spells.
Aiming: Searing Ray (safe; 1% risk of failure)
Press: ? - help, Shift-Dir - straight line, f - centaur
Aim: a centaur, quivering arrows (asleep, 100% to hit)
The searing ray hits the centaur.
The centaur is moderately wounded.
The centaur shouts! (Press . to maintain the ray.)
You hear an angry hiss.
The centaur wields a +0 shortbow.
The centaur shoots an arrow.
The arrow hits you!
The searing ray hits the centaur.
The centaur is heavily wounded.
The centaur shoots an arrow.
The arrow barely misses you.
The centaur shoots an arrow.
The arrow hits you!
The searing ray misses the centaur.
The centaur shoots an arrow.
The arrow hits you!
Ouch! That really hurt!
You die...

...........#...#...#.
.........#...#...#..[#
#####......#...#...#.
#....#...#...#...#.
#......#...#...#...#
#....#...#...#...#..
####...#...#...#c..#
#.....#...#...#
+....#..#@..#
#....#....#...#
......#..#.. #....
......#..#... ...
......#..#..## +# ..##
#####.. ... ...


You could see a centaur.

Vanquished Creatures
  4 adders
  An ufetubus (D:4)
  3 worms (D:2)
  3 dart slugs
  An orc (D:4)
  6 endoplasms
  3 giant cockroaches
  3 goblins
  5 hobgoblins
  A kobold (D:2)
  A quokka (D:3)
  7 ball pythons
  3 bats (D:2)
  4 frilled lizards
  4 rats
49 creatures vanquished.

Vanquished Creatures (others)
  2 ghouls (D:1)
  A minotaur (D:1)
  A demonspawn (D:1)
  A draconian (D:1)
  A merfolk (D:1)
  A human (D:1)
  A naga (D:1)
  A demigod (D:1)
  A dwarf (D:1)
  A tengu (D:1)
  An orc (D:1)
  5 tentacles (D:1)
17 creatures vanquished.

Grand Total: 66 creatures vanquished

Notes
Turn   | Place    | Note
-------+----------+-------------------------------------------
     0 | D:1      | porpoise the Deep Elf Conjurer began the quest for the Orb.
     0 | D:1      | Reached XP level 1. HP: 10/10 MP: 6/6
     0 | D:1      | Noticed a dwarf
     0 | D:1      | Noticed a ghoul
     0 | D:1      | Noticed a demonspawn
     0 | D:1      | Noticed a human
     0 | D:1      | Noticed a tengu
     0 | D:1      | Noticed a kraken
     0 | D:1      | Noticed a demigod
     0 | D:1      | Noticed a naga
     0 | D:1      | Noticed a draconian
     0 | D:1      | Noticed a ghoul
     0 | D:1      | Noticed a minotaur
     0 | D:1      | Noticed a merfolk
     3 | D:1      | Killed a demigod
     5 | D:1      | Killed a tengu
     5 | D:1      | Killed a merfolk
     6 | D:1      | Killed a demonspawn
     8 | D:1      | Killed a dwarf
     9 | D:1      | Killed a minotaur
    11 | D:1      | Killed a naga
    12 | D:1      | Killed a human
    13 | D:1      | Killed a ghoul
    17 | D:1      | Killed a draconian
    18 | D:1      | Killed a ghoul
   189 | D:1      | Found a faded altar of an unknown god.
   255 | D:1      | Reached XP level 2. HP: 15/15 MP: 1/8
   494 | D:1      | Learned a level 2 spell: Searing Ray
  1429 | D:2      | Reached skill level 5 in Conjurations
  1429 | D:2      | Reached XP level 3. HP: 19/19 MP: 8/10
  2757 | D:3      | Reached XP level 4. HP: 24/24 MP: 10/12
  2789 | D:3      | Learned a level 4 spell: Fulminant Prism
  2794 | D:3      | Learned a level 4 spell: Iskenderun's Mystic Blast
  2822 | D:3      | Found Jireid's Assorted Antiques.
  3682 | D:4      | Found a hide-covered altar of Uskayaw.
  3762 | D:4      | Reached skill level 1 in Hexes
  3824 | D:4      | Reached skill level 5 in Spellcasting
  3886 | D:4      | Noticed a centaur
  3896 | D:4      | Shot with an arrow by a centaur

Illustrated notes

Levels and vault maps discovered:
D:1:      nicolae_arrival_kraken_aquarium_a, layout_loops_ring,
          chequers_ecumenical_altar_simple
D:2:      layout_basic
D:3:      layout_basic, serial_shops, shop
D:4:      layout_gridville, general_overflow_altar, hex_large, kennysheep_boxes,
          uniq_ijyb, uniq_blork_the_orc

Skill      XL: |  1  2  3  4 |
---------------+-------------+-----
Spellcasting   | 4 5 |  5.0
Conjurations   | 5 |  5.3
Hexes          | 1 |  1.5
Dodging        | |  2.4
Stealth        | |  2.4

Action                   |  1- 3 |  4- 6 || total
-------------------------+-------+-------++-------
Throw: Dart              |     2 |     2 ||     4
 Cast: Magic Dart        |    48 |    17 ||    65
       Searing Ray       |    11 |     3 ||    14
  Use: Scroll            |     3 |     2 ||     5
Armor: Robe              |     3 |       ||     3
Dodge: Dodged            |     4 |     1 ||     5

Table legend: (Time is in decaauts)
 A = Elapsed time spent in this place.
 B = Non-inter-level travel time spent in this place.
 C = Inter-level travel time spent in this place.
 D = Time resting spent in this place.
 E = Time spent auto-exploring this place.
 F = Levels seen in this place.
 G = Mean time per level.
                   A        B        C        D        E       F      G
               +--------+--------+--------+--------+--------+-----+--------+
         Total |   3892 |   3826 |     66 |   1374 |   2153 |   4 |  973.0 |
       Dungeon |   3892 |   3826 |     66 |   1374 |   2153 |   4 |  973.0 |
               +--------+--------+--------+--------+--------+-----+--------+

Top non-repeatable levels by time:
     D:2: 1537 daAuts
     D:1: 1154 daAuts
     D:3: 965 daAuts
     D:4: 235 daAuts
